 Dungeon Crawl Stone Soup version 0.24-a0-250-g6074511 (webtiles) character file.

Game seed: 9269077625666668331

30156 Borgoz the Slicer (level 13, -4/84 HPs)
             Began as a Kobold Gladiator on Apr 14, 2019.
             Was a Priest of Ashenzari.
             Killed by divine providence
             ... invoked by an orc priest
              (14 damage)
             ... on level 2 of the Orcish Mines.
             The game lasted 00:54:29 (19228 turns).

Borgoz the Slicer (Kobold Gladiator)               Turns: 19228, Time: 00:54:30

Health: -4/84      AC: 23    Str: 20    XL:     13   Next: 86%
Magic:  14/14      EV: 24    Int:  9    God:    Ashenzari [***...]
Gold:   86         SH:  3    Dex: 22    Spells: 13/14 levels left

rFire    . . .     SeeInvis +   b - +0 rapier (flame) (curse)
rCold    + + .     Gourm    .   (shield restricted)
rNeg     . . .     Faith    .   l - +3 ring mail "Hiluad" {+Inv rPois rC+ MR++}
rPois    +         Spirit   .   H - +2 helmet {SInv}
rElec    .         Reflect  +   D - +1 cloak of Bappufae {MR+ SInv}
rCorr    .         Harm     .   (no gloves)
MR       +++..                  M - +0 pair of boots
Stlth    +++.......             C - amulet of Vivois {Reflect Dex+4 SH+3}
HPRegen  0.24/turn              r - +5 ring of protection
MPRegen  0.14/turn              B - ring of protection from cold

@: mighty, lightly drained
A: small, carnivore
a: Curse Item, Scrying, Renounce Religion, Evoke Invisibility


You were on level 2 of the Orcish Mines.
You worshipped Ashenzari.
Ashenzari was most pleased with you.
You were very full.

You visited 4 branches of the dungeon, and saw 17 of its levels.
You also visited: Ice Cave.

You collected 1559 gold pieces.
You spent 1473 gold pieces at shops.

Inventory:

Hand Weapons
 a - a +1 rapier
 b - a cursed +0 rapier of flaming (weapon)
Armour
 l - the +3 ring mail "Hiluad" (worn) {+Inv rPois rC+ MR++}
   (You bought it in a shop on level 4 of the Dungeon)

   It protects you from cold.
   It protects you from poison.
   It affects your resistance to hostile enchantments.
   It lets you turn invisible.
 D - the +1 cloak of Bappufae (worn) {MR+ SInv}
   (You bought it in a shop on level 6 of the Dungeon)

   It affects your resistance to hostile enchantments.
   It lets you see invisible.
 H - a +2 helmet of see invisible (worn)
 M - a +0 pair of boots (worn)
Jewellery
 d - an uncursed ring of ice
 r - a +5 ring of protection (left hand)
 z - an uncursed ring of protection from cold
 B - a ring of protection from cold (right hand)
 C - the amulet of Vivois (around neck) {Reflect Dex+4 SH+3}
   (You found it on level 6 of the Dungeon)

   [amulet of reflection]

   It shields you and reflects attacks.
   It affects your dexterity (+4).
   It affects your SH (+3).
 J - the amulet of Kacrism {rF++ Regen+}
   (You bought it in a shop on level 10 of the Dungeon)

   [amulet of regeneration]

   It greatly protects you from fire.
   It increases your rate of regeneration.
Wands
 G - a wand of digging (3)
 L - a wand of enslavement (6)
Scrolls
 e - 4 scrolls of remove curse
 i - a scroll of magic mapping
 n - a scroll of summoning
 o - 3 scrolls of enchant weapon
 u - 3 scrolls of enchant armour
 w - 4 scrolls of teleportation
 E - a scroll of fog
 N - a scroll of brand weapon
Potions
 g - a potion of resistance
 j - 2 potions of agility
 p - 2 potions of curing
 s - 3 potions of lignification
 v - a potion of cancellation
Comestibles
 c - 9 chunks of flesh
 f - 25 rations


   Skills:
 + Level 11.0(10.5) Fighting
 + Level 13.2(15.1) Short Blades
 - Level 2.1(1.8) Throwing
 * Level 11.7(11.2) Armour
 + Level 12.2(11.7) Dodging
 - Level 5.0(4.5) Stealth
 + Level 1.0(0.6) Spellcasting
 + Level 1.0(0.6) Hexes
 + Level 2.6(2.2) Evocations


You had 13 spell levels left.
You knew the following spells:

 Your Spells              Type           Power        Failure   Level  Hunger
a - Confusing Touch       Hex            #.....       41%         1    ##.....

Your spell library contained the following spells:

 Spells                   Type           Power        Failure   Level  Hunger
 Animate Skeleton         Necr           N/A          52%         1    ##.....
 Apportation              Tloc           #.....       52%         1    ##.....
 Summon Small Mammal      Summ           #...         52%         1    ##.....


Dungeon Overview and Level Annotations

Branches:
Dungeon (12/15)            Temple (1/1) D:4            Lair (2/6) D:10
    Orc (2/2) D:11            Elf (0/3) Orc:2
  Swamp: Lair:2-4    Shoals: Lair:2-4     Snake: Lair:2-4    Spider: Lair:2-4

Altars:
Ashenzari
Cheibriados
Dithmenos
Elyvilon
Fedhas
Gozag
Hepliaklqana
Kikubaaqudgha
Makhleb
Nemelex Xobeh
Okawaru
Qazlal
Ru
Sif Muna
Trog
Uskayaw
Vehumet
Wu Jian
Xom
Yredelemnul
Zin
The Shining One
Beogh

Shops:
D:4 !%%[:   D:5 [   D:6 =[}!   D:7 ?%(?!   D:8 :   D:10 *   Orc:2 (

Annotations:
D:12 3 runed translucent doors
Orc:1 Sonja


Innate Abilities, Weirdness & Mutations

You are small and have problems with some larger weapons.
You are carnivorous and can eat meat at any time.


Message History

The orc high priest hits you with a +0 war axe.
* * * LOW HITPOINT WARNING * * *
The orc sorcerer casts a spell at you. You resist with almost no effort.
You hit the orc high priest but do no damage.
The orc high priest is almost dead.
The orc priest completely misses you.
You barely miss the orc high priest.
The orc high priest is almost dead.
The orc sorcerer hits you with a +0 dagger.
* * * LOW HITPOINT WARNING * * *
The orc high priest utters an invocation to Beogh.
The orc high priest is healed somewhat.
Unknown command.
You feel better.
The sixfirhy hits you but does no damage.
The sixfirhy misses you.
The orc priest calls down the wrath of Beogh upon you.
Beogh smites you!
You die...

......... * ...............))..
...........#................##...
.....##.....................####.
.....#*#......#..............####
....####.#....#...............##.
...## #......................##..
....###........................#.
...##...........oo...............
..............รท.@3o..............
.................o...............
.................................
......#.....##...................
............############{########
.............# ######.######
......##.....# * #........o.o###
......####...# ...####.####...#
#......##....# * * **#.######..


You could see an orc high priest, a sixfirhy, an orc sorcerer, an orc warrior
and an orc priest.

Vanquished Creatures
  A frost giant (IceCv)
  Fannar (D:10)
  A centaur warrior (D:12)
  2 two-headed ogres
  2 unseen horrors (D:12)
  A deep elf mage (D:12)
  3 orc knights
  3 cyclopes (D:12)
  2 orc sorcerers (Orc:2)
  2 elephants (Lair:1)
  3 ugly things
  An ice statue (IceCv)
  A spiny frog (Lair:1)
  2 gargoyles
  A rime drake (Lair:1)
  4 komodo dragons
  16 polar bears (IceCv)
  A troll (D:12)
  6 hippogriffs
  A water elemental (D:12)
  A shadow (D:11)
  2 wraiths
  10 yaks (IceCv)
  A wyvern (D:10)
  A basilisk (shapeshifter) (D:12)
  A basilisk (Lair:1)
  2 vampire mosquitoes (D:12)
  2 wargs
  2 acid dragons (D:12)
  A water moccasin (D:11)
  4 porcupines (Lair:1)
  2 sky beasts
  2 black bears
  5 orc warriors
  10 ice beasts
  A necrophage (D:12)
  10 ogres
  3 phantoms (D:11)
  19 wolves
  5 centaurs
  A crocodile (Lair:1)
  3 big kobolds
  17 bullfrogs
  2 scorpions
  8 killer bees
  2 troll zombies (D:11)
  8 wights
  11 howler monkeys
  3 crimson imps
  2 bullfrog zombies
  5 hounds
  2 jellies
  10 orc priests
  22 orc wizards
  2 centaur skeletons
  2 bullfrog skeletons
  Natasha (thrice) (D:4)
  4 iguanas
  10 worker ants
  A bullfrog simulacrum (D:12)
  6 ogre zombies (D:11)
  A howler monkey zombie (D:8)
  6 gnolls
  8 adders
  4 shadow imps
  3 dart slugs
  3 leopard geckos
  62 orcs
  2 giant cockroaches
  12 goblins
  12 hobgoblins
  14 jackals
  A quokka (D:9)
  3 ball pythons
  13 bats
  3 frilled lizards
  2 goblin skeletons (D:11)
  4 goblin zombies (D:11)
  3 hobgoblin skeletons (D:11)
  2 hobgoblin zombies (D:11)
  A jackal skeleton (D:7)
  41 kobolds
  2 orc skeletons (D:11)
  12 orc zombies (D:11)
  A quokka skeleton (D:5)
  6 rats
  2 plants
485 creatures vanquished.

Vanquished Creatures (collateral kills)
  A killer bee (D:10)
1 creature vanquished.

Vanquished Creatures (others)
  4 polar bears (IceCv)
  2 yaks (IceCv)
  A wolf (IceCv)
  A hound (D:12)
  A kobold (D:7)
  A plant (D:7)
10 creatures vanquished.

Grand Total: 496 creatures vanquished

Notes
Turn   | Place    | Note
-------+----------+-------------------------------------------
     0 | D:1      | Borgoz the Kobold Gladiator began the quest for the Orb.
     0 | D:1      | Reached XP level 1. HP: 12/12 MP: 1/1
    90 | D:1      | Reached XP level 2. HP: 13/17 MP: 2/2
   316 | D:1      | Reached skill level 1 in Armour
   316 | D:1      | Reached skill level 1 in Stealth
   316 | D:1      | Reached XP level 3. HP: 19/22 MP: 3/3
   907 | D:2      | Reached XP level 4. HP: 20/27 MP: 4/4
  1931 | D:3      | Reached XP level 5. HP: 29/32 MP: 5/5
  2853 | D:4      | Found Nalo's Armour Emporium.
  3042 | D:4      | Found Duogy's Book Shoppe.
  3090 | D:4      | Noticed an ogre
  3097 | D:4      | Reached skill level 5 in Short Blades
  3097 | D:4      | Reached XP level 6. HP: 37/37 MP: 6/6
  3127 | D:4      | Killed an ogre
  3177 | D:4      | Noticed Natasha
  3183 | D:4      | Killed Natasha
  3191 | D:4      | Noticed Natasha
  3193 | D:4      | Noticed an ogre
  3204 | D:4      | Killed Natasha
  3204 | D:4      | Reached XP level 7. HP: 39/41 MP: 7/7
  3214 | D:4      | Reached skill level 5 in Dodging
  3288 | D:4      | Noticed Natasha
  3301 | D:4      | Killed Natasha
  3313 | D:4      | Found Gusmilia's Food Emporium.
  3418 | D:4      | Found Gewurupn's Distillery.
  3613 | D:4      | Found Dojag's Food Boutique.
  3746 | D:4      | Found a staircase to the Ecumenical Temple.
  3765 | Temple   | Entered the Ecumenical Temple
  3945 | Temple   | Became a worshipper of Ashenzari the Shackled
  4009 | D:5      | Entered Level 5 of the Dungeon
  4064 | D:5      | Found Voginneu's Antique Armour Shoppe.
  4169 | D:5      | Reached skill level 6 in Short Blades
  4169 | D:5      | Reached XP level 8. HP: 48/48 MP: 8/8
  4458 | D:5      | Reached skill level 5 in Stealth
  4693 | D:6      | Found Herrife's Antique Armour Boutique.
  4699 | D:6      | Found Xykhueleda's Jewellery Boutique.
  4824 | D:6      | Found Coniu's Gadget Shoppe.
  4947 | D:6      | Found Veffa's Assorted Antiques.
  5003 | D:6      | Found Mod Rikh's Distillery.
  5005 | D:6      | Identified the amulet of Vivois {Reflect Dex+4 SH+3}
  5150 | D:6      | Reached skill level 5 in Fighting
  5208 | D:6      | Reached skill level 5 in Armour
  5208 | D:6      | Reached XP level 9. HP: 54/54 MP: 9/9
  5218 | D:6      | Reached skill level 7 in Short Blades
  5689 | D:7      | Reached * piety under Ashenzari
  5705 | D:7      | Found a sparkling altar of Nemelex Xobeh.
  5705 | D:7      | Found a deep blue altar of Sif Muna.
  5821 | D:7      | Found Sataz's Magic Scroll Emporium.
  5868 | D:7      | Found Wesiarea's Food Shop.
  5915 | D:7      | Noticed a hippogriff
  5930 | D:7      | Killed a hippogriff
  5933 | D:7      | Found Xaplif's Antique Weapon Boutique.
  5999 | D:7      | Found Qugaxzyss's Distillery.
  6203 | D:7      | Found Liusiah's Magic Scroll Emporium.
  6225 | D:7      | Found a glowing silver altar of Zin.
  6845 | D:7      | Reached skill level 8 in Short Blades
  7244 | D:8      | Noticed a hippogriff
  7268 | D:8      | Killed a hippogriff
  7411 | D:8      | Reached XP level 10. HP: 49/61 MP: 10/10
  7433 | D:8      | Found a white marble altar of Elyvilon.
  7666 | D:8      | Found a glowing golden altar of the Shining One.
  7984 | D:8      | Found a burning altar of Makhleb.
  7985 | D:8      | Found a shimmering altar of Xom.
  7993 | D:8      | Found Siats's Book Boutique.
  8222 | D:9      | Reached skill level 9 in Short Blades
  8224 | D:9      | Reached ** piety under Ashenzari
  8871 | D:10     | Entered Level 10 of the Dungeon
  9097 | D:10     | Found a staircase to the Lair.
  9104 | D:10     | Noticed Fannar
  9138 | D:10     | Killed Fannar
  9371 | D:10     | Reached XP level 11. HP: 55/68 MP: 11/11
  9530 | D:10     | Found Gacexoub's Assorted Antiques.
  9538 | D:10     | Bought a scintillating amethyst amulet for 145 gold pieces
  9538 | D:10     | Identified the amulet of Kacrism {rF++ Regen+} (You bought
                  | it in a shop on level 10 of the Dungeon)
  9558 | D:10     | Reached skill level 10 in Short Blades
  9865 | D:10     | Noticed a two-headed ogre
  9872 | D:10     | Killed a two-headed ogre
  9944 | D:10     | Got the uncursed leather armour "Zagabb" {Int+4}
  9963 | D:10     | Identified the +3 leather armour "Zagabb" {Int+4} (You
                  | found it on level 10 of the Dungeon)
 10135 | D:11     | Noticed a cyan ugly thing
 10158 | D:11     | Killed a cyan ugly thing
 10343 | D:11     | Noticed a two-headed ogre
 10365 | D:11     | Killed a two-headed ogre
 10497 | D:11     | Found a staircase to the Orcish Mines.
 10497 | D:11     | Noticed a green ugly thing
 10520 | D:11     | Killed a green ugly thing
 10537 | D:11     | HP: 3/69 [poisoned by a green ugly thing]
 10543 | D:11     | HP: 3/69 [poisoned by a green ugly thing]
 10770 | D:11     | Reached skill level 10 in Dodging
 11636 | D:12     | Noticed a deep elf mage
 11638 | D:12     | Killed a deep elf mage
 11638 | D:12     | Reached skill level 11 in Short Blades
 11710 | D:12     | Killed an unseen horror
 11710 | D:12     | Reached XP level 12. HP: 39/76 MP: 12/12
 12215 | D:12     | Found a runed translucent gate.
 12215 | D:12     | Found a runed translucent gate.
 12215 | D:12     | Found a runed translucent gate.
 12249 | D:12     | Reached skill level 10 in Armour
 12318 | D:12     | Noticed a centaur warrior
 12403 | D:12     | Killed a centaur warrior
 12642 | D:12     | Killed an unseen horror
 12755 | Lair:1   | Entered Level 1 of the Lair of Beasts
 12799 | Lair:1   | Reached *** piety under Ashenzari
 13039 | Lair:1   | Reached skill level 12 in Short Blades
 13061 | Lair:1   | Reached skill level 10 in Fighting
 14396 | Orc:1    | Entered Level 1 of the Orcish Mines
 14437 | Orc:1    | Found a deep blue altar of Sif Muna.
 14546 | Orc:1    | Identified Sif Muna's Compendium of Necromancy
 14616 | D:11     | Reached XP level 13. HP: 60/82 MP: 13/13
 14789 | Orc:2    | Entered Level 2 of the Orcish Mines
 15064 | Orc:2    | Noticed Sonja
 15150 | Orc:2    | Found a frozen archway.
 15258 | IceCv    | Entered an ice cave
 16412 | IceCv    | Reached skill level 1 in Evocations
 16646 | IceCv    | Noticed a frost giant
 16667 | IceCv    | Reached skill level 13 in Short Blades
 16687 | IceCv    | Killed a frost giant
 17268 | IceCv    | Found the +6 Majin-Bo {vamp, Archmagi MP+6 Int+6}
 18042 | Orc:2    | Found a staircase to the Elven Halls.
 18245 | D:4      | Bought the +3 ring mail "Hiluad" {+Inv rPois rC+ MR++} for
                  | 631 gold pieces
 18276 | D:4      | Bought a book of Cantrips for 220 gold pieces
 18278 | D:4      | Learned a level 1 spell: Confusing Touch
 18417 | D:6      | Bought a dazzling cloak for 237 gold pieces
 18422 | D:6      | Identified the +1 cloak of Bappufae {MR+ SInv} (You bought
                  | it in a shop on level 6 of the Dungeon)
 18484 | D:5      | Bought a shiny helmet for 240 gold pieces
 18943 | Orc:2    | Found a roughly hewn altar of Beogh.
 19090 | Orc:2    | Found Bocleshroy's Weapon Emporium.
 19114 | Orc:2    | Reached skill level 1 in Spellcasting
 19114 | Orc:2    | Reached skill level 1 in Hexes
 19228 | Orc:2    | Killed from afar by an orc priest

Levels and vault maps discovered:
D:1:      lemuel_arrival_muddy, layout_loops_ring, minmay_tripent
D:2:      layout_basic
D:3:      layout_basic, first_ration
D:4:      layout_loops_cross, minmay_temple_entry_overgrown, serial_shops,
          kennysheep_mini, nicolae_shop_behind_doors, shop, shop, shop,
          uniq_natasha
D:5:      layout_loops_ring, serial_shops, shop
D:6:      layout_loops_corners, serial_shops, shop, shop_statue, shop, shop,
          shop
D:7:      kennysheep_kobold_camp, layout_basic, old_standard_altar,
          gammafunk_temple_overflow_elements, serial_shops, shop, shop,
          shop_fountains, shop, shop_scrolls, serial_co_window_serial,
          co_window_paths_b, co_window_paths_a, co_window_corner_a,
          co_window_paths_b, co_window_of_opportunity_a, co_window_corner_b,
          co_window_broadway_a, co_window_broadway_b, glass_columns_a,
          grunt_ogre_cave
D:8:      layout_cave_pools, kennysheep_little_box, overflow_temple_1_default,
          grunt_temple_overflow_champion_of_chaos, serial_glass,
          glass_columns_b, glass_columns_c, serial_shops, kennysheep_mini_moat
D:9:      layout_roguey
D:10:     layout_stronghold, dpeg_oklobed_lair, serial_shops, shop, uniq_fannar
D:11:     layout_basic, zombieorc2_lemuel
D:12:     kennysheep_treasure_stockpile, layout_basic,
          kennysheep_generic_room_12
Temple:   regret_index_temple_generic_petals
Lair:1:   layout_regular_city, beast_lair_carwin_6
Lair:2:   layout_roguey, grunt_forest_large_clearings, minmay_lair_oklob_chamber
Orc:1:    layout_diamond_mine, led_sif_book
Orc:2:    st_orc_elflike, layout_caves, basic_altar,
          portal_ice_cave_entry_ice_beasts, uniq_sonja
IceCv:    ice_cave_caverns_03

Skill      XL: |  1  2  3  4  5  6  7  8  9 10 11 12 13 |
---------------+----------------------------------------+-----
Armour         | 1 2 3 4 5 6 8 9 10 11 | 11.7
Stealth        | 1 2 3 4 5 |  5.0
Dodging        | 4 5 6 7 8 10 11 12 | 12.2
Fighting       | 3 4 5 6 7 9 10 11 | 11.0
Short Blades   | 5 6 8 9 11 12 13 | 13.2
Evocations     | 2 |  2.6
Spellcasting   | 1 |  1.0
Hexes          | 1 |  1.0
Throwing       | |  2.1

Action                   |  1- 3 |  4- 6 |  7- 9 | 10-12 | 13-15 || total
-------------------------+-------+-------+-------+-------+-------++-------
Melee: Rapier            |    98 |   205 |   527 |  1245 |   694 ||  2769
Throw: Throwing net      |       |     3 |     2 |     9 |       ||    14
 Cast: Confusing Touch   |       |       |       |       |     2 ||     2
Invok: Curse Item        |       |       |       |       |     2 ||     2
Evoke: Wand              |       |       |       |    19 |     1 ||    20
  Use: Potion            |       |     2 |       |     9 |    10 ||    21
       Scroll            |       |       |    20 |     5 |     7 ||    32
 Stab: Sleeping          |     1 |     6 |    12 |    21 |     2 ||    42
       Held in net/web   |       |     1 |     2 |     8 |       ||    11
       Confused          |       |       |       |     6 |     2 ||     8
       Invisible         |       |       |       |     4 |     1 ||     5
       Paralysed         |       |       |       |     4 |       ||     4
       Distracted        |       |       |       |     1 |     2 ||     3
  Eat: Chunk             |     7 |     9 |    14 |    23 |    16 ||    69
Armor: Leather armour    |    17 |    39 |    93 |   225 |   114 ||   488
       Ring mail         |       |       |       |       |    21 ||    21
Dodge: Dodged            |    75 |   138 |   407 |   909 |   673 ||  2202
Block: Other             |       |       |    38 |    49 |    79 ||   166
       Reflection        |       |       |     4 |     2 |       ||     6

Table legend:
 A = Non-vault XP
 B = Vault XP
 C = Vault XP percentage of total XP
 D = Non-vault monster count
 E = Vault monster count
 F = Vault count percentage of total count
                 A         B        C        D         E       F
            +---------+---------+-------+---------+---------+-------
      Total |   22492 |   20588 |  47.8 |     349 |     136 |  28.0
            +---------+---------+-------+---------+---------+-------
        D:1 |      44 |       4 |   8.3 |      25 |       2 |   7.4
        D:2 |      89 |       0 |   0.0 |      32 |       0 |   0.0
        D:3 |      26 |       0 |   0.0 |      13 |       0 |   0.0
        D:4 |     697 |      35 |   4.8 |      25 |       1 |   3.8
        D:5 |     624 |       0 |   0.0 |      16 |       0 |   0.0
        D:6 |     855 |       0 |   0.0 |      15 |       0 |   0.0
        D:7 |     826 |     252 |  23.4 |      22 |      22 |  50.0
        D:8 |    1312 |      48 |   3.5 |      24 |       1 |   4.0
        D:9 |    1270 |       0 |   0.0 |      29 |       0 |   0.0
       D:10 |    3151 |    1007 |  24.2 |      25 |       1 |   3.8
       D:11 |    4442 |     582 |  11.6 |      41 |      36 |  46.8
       D:12 |    3234 |    4392 |  57.6 |      17 |      13 |  43.3
     Lair:1 |    3170 |    1846 |  36.8 |      18 |       7 |  28.0
     Lair:2 |      88 |       0 |   0.0 |       1 |       0 |   0.0
      Orc:1 |     718 |      76 |   9.6 |      18 |       2 |  10.0
      Orc:2 |    1946 |    2294 |  54.1 |      28 |      12 |  30.0
      IceCv |       0 |   10052 | 100.0 |       0 |      39 | 100.0
            +---------+---------+-------+---------+---------+-------
